 Dungeon Crawl Stone Soup version 0.27-a0-277-g024f7ef292 (webtiles) character file.

Game seed: 6068585373748097355

2 skwiii the Skirmisher (level 1, -3/20 HPs)
             Began as a Palentonga Abyssal Knight on Feb 6, 2021.
             Was a Follower of Lugonu.
             Slain by a leopard gecko (4 damage)
             ... on level 1 of the Dungeon.
             The game lasted 00:00:44 (335 turns).

skwiii the Skirmisher (Palentonga Abyssal Knight)    Turns: 335, Time: 00:00:44

Health: -3/20      AC:  4    Str: 15    XL:     1   Next: 33%
Magic:  2/2        EV:  9    Int: 12    God:    Lugonu [*.....]
Gold:   12         SH:  0    Dex:  9    Spells: 0/0 levels left

rFire    . . .     SeeInvis +   a - +1 spear
rCold    . . .     Faith    .   (no shield)
rNeg     . . .     Spirit   .   b - +0 leather armour
rPois    .         Reflect  .   (no helmet)
rElec    .         Harm     .   (no cloak)
rCorr    .         Rampage  .   (no gloves)
Will     .....                  (no barding)
Stlth    +.........             (no amulet)
HPRegen  0.06/turn              (no ring)
MPRegen  0.08/turn              (no ring)

@: no status effects
A: large, rugged brown scales 3, see invisible, deformed body, roll 1, armoured
tail
a: Rolling Charge, Renounce Religion, Depart the Abyss


You were on level 1 of the Dungeon.
You worshipped Lugonu.
Lugonu was aware of your devotion.
You visited 1 branch of the dungeon, and saw 1 of its levels.
You visited the Abyss 1 time.

You collected 12 gold pieces.

Inventory:

Hand Weapons
 a - a +1 spear (weapon)
Armour
 b - a +0 leather armour (worn)
Scrolls
 d - a scroll of remove curse {unknown}
 e - a scroll of identify {unknown}
Potions
 c - a potion of lignification {unknown}


   Skills:
 + Level 3.1 Fighting
 + Level 1.9 Polearms
 + Level 1.5 Armour
 + Level 0.7 Dodging
 + Level 2.0 Invocations


You couldn't memorise any spells.
You didn't know any spells.
Your spell library was empty.

Dungeon Overview and Level Annotations

Branches:
Dungeon (1/15)

Altars:


Innate Abilities, Weirdness & Mutations

You are completely covered in rugged brown scales. (AC +3, +7% HP)
You have supernaturally acute eyesight. (SInv)
Armour fits poorly on your strangely shaped body.
You can roll at nearby foes to attack.
You have a long armoured tail.


Message History

You hit the leopard gecko but do no damage.
The leopard gecko bites you.
You barely miss the leopard gecko.
Your tail-slap misses the leopard gecko.
The leopard gecko bites you but does no damage.
The goblin barely misses you.
You barely miss the rat. The leopard gecko bites you.
The goblin barely misses you. The rat bites you but does no damage.
The leopard gecko bites you.
You miss the leopard gecko. The goblin hits you but does no damage.
The leopard gecko bites you. The rat closely misses you.
You closely miss the leopard gecko. The leopard gecko bites you.
The goblin hits you. The rat closely misses you. The rat bites you.
The leopard gecko bites you.
* * * LOW HITPOINT WARNING * * *
You closely miss the leopard gecko. The leopard gecko bites you.
* * * LOW HITPOINT WARNING * * *
The leopard gecko bites you.
You die...

####.#........#
#.########## #.#
#.# #.#
###.####### ##
#.........#
##...###.#######.#
#......@.#
##..[###l# ## #gr#
#..# #..#
#..#######
#.........
#....##### ###...#


You could see a leopard gecko and a rat.

Vanquished Creatures
  A giant cockroach (D:1)
  A goblin (D:1)
2 creatures vanquished.

Notes
Turn   | Place    | Note
-------+----------+-------------------------------------------
     0 | Abyss:1  | skwiii the Palentonga Abyssal Knight began the quest for
                  | the Orb.
     0 | Abyss:1  | Reached XP level 1. HP: 20/20 MP: 2/2
    16 | D:1      | Escaped the Abyss
   334 | D:1      | HP: 1/20 [leopard gecko (5)]
   335 | D:1      | Slain by a leopard gecko

Illustrated notes

Levels and vault maps discovered:
D:1:      kilobyte_arrival_exit_the_forest, layout_loops_corners

Action                   || total
-------------------------++-------
Melee: Spear             ||    13
       Tailslap          ||     1
Armor: Leather armour    ||     7
Dodge: Dodged            ||     6

Table legend: (Time is in decaauts)
 A = Elapsed time spent in this place.
 B = Non-inter-level travel time spent in this place.
 C = Inter-level travel time spent in this place.
 D = Time resting spent in this place.
 E = Time spent auto-exploring this place.
 F = Levels seen in this place.
 G = Mean time per level.
                   A        B        C        D        E       F      G
               +--------+--------+--------+--------+--------+-----+--------+
         Total |    342 |    342 |      0 |      0 |    255 |   2 |  171.0 |
       Dungeon |    326 |    326 |      0 |      0 |    255 |   1 |  326.0 |
         Abyss |     16 |     16 |      0 |      0 |      0 |   1 |   16.0 |
               +--------+--------+--------+--------+--------+-----+--------+

Top non-repeatable levels by time:
     D:1: 326 daAuts
 Abyss:1: 16 daAuts
